 Dungeon Crawl Stone Soup version 0.31-a0-851-g7ff8af7976 (webtiles) character file.

Game seed: 16696002768249790677

73 BinkBink the Caller (level 4, -2/21 (24) HPs)
             Began as a Deep Elf Summoner on Oct 6, 2023.
             Slain by a gnoll
             ... wielding a +0 club
              (4 damage)
             ... on level 2 of the Dungeon.
             The game lasted 00:04:14 (2338 turns).

BinkBink the Caller (Deep Elf Summoner)             Turns: 2338, Time: 00:04:14

HP:   -2/21 (24)    AC:  2    Str:  5    XL:     4   Next: 8%
MP:   4/12          EV: 12    Int: 22    God:
Gold: 113           SH:  0    Dex: 15    Spells: 8/11 levels left

rFire   . . .        (no weapon)
rCold   . . .        (no shield)
rNeg    . . .        a - +0 robe
rPois   .            (no helmet)
rElec   .            (no cloak)
rCorr   .            (no gloves)
SInv    .            (no boots)
Will    .....        (no amulet)
Stlth   ++           (no ring)
HPRegen 0.23/turn    (no ring)
MPRegen 0.13/turn

%: no passive effects
@: heavily drained
A: no striking features
a: no special abilities


You were on level 2 of the Dungeon.
You visited 1 branch of the dungeon, and saw 3 of its levels.

You collected 113 gold pieces.

Inventory:

Armour
 a - a +0 robe (worn)
Scrolls
 d - 3 scrolls of immolation {unknown}
 g - 2 scrolls of identify {unknown}
 h - a scroll of torment {unknown}
 m - a scroll of noise {unknown}
Potions
 b - a potion of magic
 c - a potion of attraction {unknown}
 e - 2 potions of curing {unknown}
 f - a potion of brilliance {unknown}
 i - 2 potions of mutation {unknown}
 j - a potion of resistance {unknown}
 k - a potion of berserk rage {unknown}
 l - a potion of heal wounds {unknown}


   Skills:
 - Level 2.4 Dodging
 - Level 2.4 Stealth
 + Level 4.2 Spellcasting
 * Level 5.6 Summonings


You had 8 spell levels left.
You knew the following spells:

 Your Spells              Type           Power      Damage    Failure   Level
a - Summon Small Mammal   Summ           100%       N/A       1%          1
b - Call Imp              Summ           58%        N/A       1%          2

Your spell library contained the following spells:

 Spells                   Type           Power      Damage    Failure   Level
 Call Canine Familiar     Summ           29%        N/A       3%          3
 Summon Guardian Golem    Hex/Summ       17%        N/A       11%         3
 Summon Lightning Spire   Summ/Air       17%        N/A       34%         4


Dungeon Overview and Level Annotations

Branches:
Dungeon (3/15)

Altars:
Vehumet


Message History

The gnoll hits your quokka with a +0 club.
The gnoll closely misses your quokka.
Your quokka bites the gnoll but does no damage.
A rat comes into view.
The gnoll barely misses your quokka. The gnoll barely misses your quokka.
Your quokka closely misses the gnoll.
The gnoll hits your quokka with a +0 club.
Your quokka dies!
Your quokka's corpse disappears in a puff of smoke!
The gnoll hits your cerulean imp with a +0 club.
Your quokka bites the gnoll.
Your cerulean imp hits the gnoll but does no damage.
The gnoll hits your quokka with a +0 club!
Your quokka dies!
Your quokka's corpse disappears in a puff of smoke!
The rat bites you. The gnoll hits you with a +0 club.
The gnoll hits your cerulean imp with a +1 whip of draining!
Your cerulean imp hits the gnoll with a -2 spear.
The rat closely misses you.
You climb upwards.
Your summoned ally is left behind.
There is a stone staircase leading down here.
Casting: Summon Small Mammal (safe; 1% risk of failure)
Confirm with . or Enter, or press ? or * to list all spells.
A tiny devil pulls itself out of the air.
The gnoll hits you with a +0 club. The rat misses you.
Casting: Call Imp (safe; 1% risk of failure)
Confirm with . or Enter, or press ? or * to list all spells.
The gnoll hits you with a +0 club.
* * * LOW HITPOINT WARNING * * *
The rat barely misses you.
Your cerulean imp hits the gnoll from afar with a -2 spear.
The gnoll hits you with a +0 club.
* * * LOW HITPOINT WARNING * * *
Your cerulean imp hits the gnoll but does no damage.
Your rat closely misses the gnoll.
Casting: Summon Small Mammal (safe; 1% risk of failure)
Confirm with . or Enter, or press ? or * to list all spells.
The gnoll hits you with a +0 club.
You die...

..............#.# #..#
###.####..##..#.# #..#
#[#....#........# #..#
#.###.........### #..####
....#..........# #.....#
###.###....#...## #.###.# #
#.....####.5..# #.....#
###.###..###..rg#################
....#........#rr@................
#.###...############.##.#######.#
#.#.....................# #.#.#
###.##############.####.#####.#.#
..............##..............#.#
.#.#.#####.....#.#.##########.#.#
##.#+#...'.....#.#)# #.#.#
##.....###.....#.#.##########.#.#
##........###.##.#..............#


You could see a gnoll (ally target), a rat, a friendly cerulean imp (summoned),
a friendly quokka (summoned) and a friendly rat (summoned).

Vanquished Creatures (collateral kills)
  3 adders (D:2)
  3 dart slugs
  3 bats
  4 endoplasms
  A giant cockroach (D:3)
  5 goblins (D:1)
  2 hobgoblins (D:2)
  3 quokkas
  7 ball pythons
  3 frilled lizards
  3 kobolds
  4 rats (D:1)
41 creatures vanquished.

Notes
Turn   | Place    | Note
-------+----------+-------------------------------------------
     0 | D:1      | BinkBink the Deep Elf Summoner began the quest for the Orb.
     0 | D:1      | Reached XP level 1. HP: 10/10 MP: 6/6
   184 | D:1      | You fall into a shaft and drop 1 floor!
   242 | D:2      | Reached XP level 2. HP: 15/15 MP: 8/8
   507 | D:2      | Reached skill level 5 in Summonings
   537 | D:2      | Reached XP level 3. HP: 19/19 MP: 8/10
   540 | D:2      | Learned a level 2 spell: Call Imp
  1927 | D:1      | Reached XP level 4. HP: 24/24 MP: 8/12
  2285 | D:3      | Found a radiant altar of Vehumet.
  2337 | D:2      | HP: 1/21 [gnoll/+0 club (4)]
  2338 | D:2      | Slain by a gnoll

Illustrated notes

Levels and vault maps discovered:
D:1:      dpeg_arrival_lava_altar, layout_basic, minmay_split_cup_small
D:2:      layout_basic, minmay_quantized
D:3:      layout_rooms, mainiacjoe_overflow_catwalk_spiral,
          shapermc_ecumenical_altar_ellora

Skill      XL: |  1  2  3 |
---------------+----------+-----
Summonings     | 5 |  5.6
Spellcasting   | 4 |  4.2
Dodging        | |  2.4
Stealth        | |  2.4

Action                     |  1- 3 |  4- 6 || total
---------------------------+-------+-------++-------
   Cast: Summon Small Mamm |    47 |    11 ||    58
         Call Imp          |    15 |     6 ||    21
 Armour: Robe              |     5 |     9 ||    14
  Dodge: Dodged            |     9 |     4 ||    13

Table legend: (Time is in decaauts)
 A = Elapsed time spent in this place.
 B = Non-inter-level travel time spent in this place.
 C = Inter-level travel time spent in this place.
 D = Time resting spent in this place.
 E = Time spent auto-exploring this place.
 F = Levels seen in this place.
 G = Mean time per level.
                   A        B        C        D        E       F      G
               +--------+--------+--------+--------+--------+-----+--------+
         Total |   2339 |   2229 |    110 |      0 |   1834 |   3 |  779.7 |
       Dungeon |   2339 |   2229 |    110 |      0 |   1834 |   3 |  779.7 |
               +--------+--------+--------+--------+--------+-----+--------+

Top non-repeatable levels by time:
     D:1: 1177 daAuts
     D:2: 1112 daAuts
     D:3: 48 daAuts
